 Dungeon Crawl Stone Soup version 0.30-a0-782-ge64f9170bb (webtiles) character file.

Game seed: 5815325298874264183

399 112233 the Covert (level 6, -2/30 HPs)
             Began as a Felid Delver on Feb 27, 2023.
             Was an Initiate of Gozag.
             Killed from afar by a white imp (6 damage)
             ... with a puff of frost
             ... on level 7 of the Dungeon.
             The game lasted 00:14:29 (5444 turns).

112233 the Covert (Felid Delver)                    Turns: 5444, Time: 00:14:29

Health: -2/30      AC:  2    Str:  8    XL:     6   Next: 53%
Magic:  7/7        EV: 21    Int: 13    God:    Gozag
Gold:   510        SH:  0    Dex: 18    Spells: 5/5 levels left
                                        Lives:  0   Deaths: 2

rFire   + . .      SeeInvis +      - Unarmed
rCold   . . .      Faith    .    (shield unavailable)
rNeg    . . .      Spirit   .    (body armour unavailable)
rPois   .          Reflect  .    (helmet unavailable)
rElec   .          Harm     .    (cloak unavailable)
rCorr   .          Rampage  .    (gloves unavailable)
Will    .....                    (boots unavailable)
Stlth   ++++                     (no amulet)
HPRegen 0.25/turn                q - ring of protection from fire
MPRegen 0.10/turn                (no ring)

@: quick
A: very small, claws 1, fangs 3, see invisible, speed 1, shaggy fur 2, stealthy
paws, no weapons or thrown items, no armour, multi-lived
a: Renounce Religion, Potion Petition, Call Merchant, Bribe Branch


You were on level 7 of the Dungeon.
You worshipped Gozag.
Gozag was pleased with you.
You visited 2 branches of the dungeon, and saw 9 of its levels.

You collected 823 gold pieces.
You spent 258 gold pieces at shops.
You paid 55 gold pieces to Gozag.

Inventory:

Jewellery
 q - a ring of protection from fire (left paw)
Wands
 e - a wand of digging (10)
 r - a wand of roots (5)
 u - a wand of charming (15)
 w - a wand of polymorph (11)
Scrolls
 a - a scroll of fog
 b - 2 scrolls of magic mapping
 c - a scroll of silence
 f - 2 scrolls of identify
 i - 2 scrolls of vulnerability
 o - a scroll of poison {unknown}
 p - 4 scrolls of teleportation
 s - a scroll of blinking
 x - a scroll of summoning
 y - a scroll of fear
Potions
 d - a potion of haste
 g - a potion of curing
 h - a potion of invisibility {unknown}
 j - a potion of resistance {unknown}
 k - a potion of might {unknown}
 l - a potion of magic {unknown}
 m - a potion of heal wounds
 n - a potion of mutation {unknown}
 t - a potion of cancellation {unknown}
 v - 2 potions of degeneration


   Skills:
 + Level 5.4 Fighting
 + Level 6.6 Dodging
 - Level 8.5 Stealth
 * Level 6.3 Unarmed Combat


You had 5 spell levels left.
You didn't know any spells.
Your spell library contained the following spells:

 Spells                   Type           Power      Damage    Failure   Level
 Magic Dart               Conj           0%         1d3       30%         1
 Slow                     Hex            0%         N/A       30%         1
 Call Imp                 Summ           0%         N/A       43%         2
 Confusing Touch          Hex            0%         N/A       67%         3
 Mephitic Cloud           Conj/Pois/Air  0%         N/A       67%         3
 Vampiric Draining        Necr           0%         2d6       67%         3


Dungeon Overview and Level Annotations

Branches:
Dungeon (8/15)             Temple (1/1) D:6
   Lair: D:8-11

Altars:
Ashenzari
Cheibriados
Elyvilon
Fedhas
Gozag
Nemelex Xobeh
Okawaru
Sif Muna
Uskayaw
Vehumet
Wu Jian
Yredelemnul
The Shining One

Shops:
D:1 (   D:4 ?

Annotations:
D:4 exclusion: downstairs, Edmund
D:5 Duvessa
D:6 exclusions: downstairs and upstairs
D:8 Joseph


Innate Abilities, Weirdness & Mutations

You have sharp claws.
You have razor-sharp teeth.
You have supernaturally acute eyesight. (SInv)
You cover ground quickly. (Speed+)
You are covered in thick fur. (AC +2)
Your paws help you pounce on unaware monsters.
You are incapable of wielding weapons or throwing items.
You cannot wear armour.
You gain extra lives every three experience levels.


Message History

o - a scroll labelled FUDDANUBBE
s - a scroll of blinking
Found a stone staircase leading down.
A steam dragon comes into view.
A steam dragon is nearby!
A steam dragon is nearby!
A steam dragon is nearby!
A steam dragon is nearby!
The steam dragon hisses angrily.
There is a stone staircase leading down here.
You climb downwards.
Joseph shouts!
Found a bone wand and 9 gold pieces.
There is a stone staircase leading up here.
Unknown command.
Found an orange potion.
You see here a wand of charming (15).
u - a wand of charming (15) Joseph unwields a +0 quarterstaff.
Joseph wields a +0 sling.
Joseph shoots a sling bullet.
The sling bullet hits you!
A steam dragon comes into view.
Joseph shoots a sling bullet.
The sling bullet misses you.
There is a stone staircase leading up here.
Joseph shoots a sling bullet.
The sling bullet hits you!
You climb upwards.
The steam dragon breathes steam at you. The ball of steam hits you. You resist.
* * * LOW HITPOINT WARNING * * *
You hear a shout!
There is a stone staircase leading down here.
Unknown command.
A white imp comes into view.
The white imp shouts!
The steam dragon breathes steam at you. The ball of steam hits you. You resist.
* * * LOW HITPOINT WARNING * * *
The white imp gestures at you. The puff of frost hits you.
You die...
Your body crumbles into a pile of gold.

## ##### ..
. #.#
#...##.##.#
#.#
#.#.....5..
#.#
##..@##.#
#.#
#..§....##
##.##
#...§##.....
#...#
#...>.#.####
#...#
#...§§#.#
#...#
#..§§§..####
#...#####
#.....§.....
..........
#.##.#D#....
..........
#.##........


You could see a white imp.

Vanquished Creatures
  Grinder (D:4)
  Sigmund (D:4)
  An ice beast (D:7)
  A sky beast (D:7)
  A phantom (D:6)
  2 bullfrogs
  A howler monkey (D:6)
  A jelly (D:7)
  An orc priest (D:3)
  4 hounds (D:4)
  Ijyb (D:4)
  2 gnolls (D:1)
  6 adders
  A shadow imp (D:5)
  2 ufetubi
  3 worms
  3 dart slugs
  6 orcs
  6 endoplasms
  4 giant cockroaches
  7 goblins
  7 hobgoblins
  3 jackals (D:2)
  9 kobolds
  5 quokkas
  8 ball pythons
  7 bats
  A frilled lizard (D:1)
  4 rats
99 creatures vanquished.

Vanquished Creatures (others)
  A goblin (D:2)
  A ball python (D:2)
  5 fungi (D:5)
7 creatures vanquished.

Grand Total: 106 creatures vanquished

Notes
Turn   | Place    | Note
-------+----------+-------------------------------------------
     0 | D:5      | 112233 the Felid Delver began the quest for the Orb.
     0 | D:5      | Reached XP level 1. HP: 10/10 MP: 2/2
    19 | D:5      | Noticed a scorpion
    41 | D:6      | Noticed a phantom
    47 | D:6      | Killed a phantom
    48 | D:6      | Reached skill level 7 in Stealth
    48 | D:6      | Reached XP level 2. HP: 11/14 MP: 3/3
    48 | D:6      | Reached XP level 3. HP: 14/17 MP: 4/4
    48 | D:6      | Reached XP level 4. HP: 17/21 MP: 5/5
    81 | D:6      | Found a staircase to the Ecumenical Temple.
    91 | Temple   | Entered the Ecumenical Temple
   330 | D:6      | Noticed a bullfrog
   362 | D:6      | Noticed a water moccasin
   404 | D:7      | Noticed a kobold brigand
   483 | D:6      | Noticed a bullfrog
   531 | D:6      | Killed a bullfrog
   532 | D:6      | Reached XP level 5. HP: 25/25 MP: 6/6
   655 | D:5      | Noticed an ogre
   730 | D:5      | Noticed Duvessa
  1039 | D:6      | Noticed an ice beast
  1098 | Temple   | Became a worshipper of Gozag Ym Sagoz the Greedy
  1160 | D:5      | Reached skill level 8 in Stealth
  1224 | D:4      | Gained mutation: You are covered in thick fur. (AC +2)
                  | [Felid growth]
  1224 | D:4      | Reached XP level 6. HP: 28/28 MP: 7/7
  1257 | D:4      | Noticed Ijyb
  1328 | D:4      | Noticed Grinder
  1339 | D:4      | Killed Grinder
  1340 | D:4      | Reached skill level 5 in Dodging
  1677 | D:1      | Reached XP level 7. HP: 33/33 MP: 8/8
  1927 | D:1      | Found Qyinex's Antique Weapon Shoppe.
  2095 | D:1      | Found an opulent altar of Gozag.
  3890 | D:4      | Reached skill level 5 in Unarmed Combat
  3993 | D:4      | Killed Ijyb
  4053 | D:4      | Noticed Sigmund
  4058 | D:4      | Killed Sigmund
  4059 | D:4      | Reached skill level 5 in Fighting
  4384 | D:4      | Found Ywoapa's Magic Scroll Emporium.
  4392 | D:4      | Bought a scroll of identify for 24 gold pieces
  4392 | D:4      | Bought a scroll of teleportation for 36 gold pieces
  4392 | D:4      | Bought a scroll of summoning for 114 gold pieces
  4392 | D:4      | Bought a scroll of teleportation for 36 gold pieces
  4392 | D:4      | Bought a scroll of fear for 48 gold pieces
  4395 | D:4      | Noticed Edmund
  4819 | D:7      | Identified the +8 flail "Pant" {flame, Int+3}
  5181 | D:7      | Noticed a gargoyle
  5195 | D:7      | Killed from afar by a gargoyle
  5196 | D:7      | Reached XP level 6. HP: 0/30 MP: 7/7
  5234 | D:7      | Noticed an ice beast
  5245 | D:7      | Killed an ice beast
  5246 | D:7      | Reached XP level 7. HP: 33/33 MP: 8/8
  5266 | D:7      | HP: 1/33 [sky beast (1)]
  5266 | D:7      | Slain by a sky beast
  5267 | D:7      | Reached XP level 6. HP: -4/30 MP: 7/7
  5315 | D:7      | Killed a sky beast
  5422 | D:7      | Noticed a steam dragon
  5436 | D:8      | Noticed Joseph
  5439 | D:8      | Noticed a steam dragon
  5444 | D:7      | Killed from afar by a white imp

Illustrated notes

Levels and vault maps discovered:
D:1:      minmay_arrival_up_and_down, layout_loops_ring, serial_shops,
          nicolae_shop_trees, minmay_hexomino_r4
D:2:      layout_basic, lemuel_flame_loot_1
D:3:      layout_basic
D:4:      layout_gridville, serial_shops,
          nicolae_shop_temple_entry_statues_fountains, uniq_sigmund,
          uniq_grinder, uniq_edmund, uniq_ijyb
D:5:      minmay_skewed_foursquare, layout_layer_cave,
          cheibrodos_sewer_entry_bend, dreamdust_mushroom_princess, uniq_duvessa
D:6:      layout_loops_ring, mainiacjoe_overflow_small_starburst,
          minmay_temple_entry_grid, minmay_hedge_maze
D:7:      layout_loops_cross, enter_bailey_4, corexii_corridor_pit,
          kennysheep_generic_room_4
D:8:      layout_basic, tgw_kikubaaqudgha, lightli_temple_of_fire,
          lemuel_flamethrower_1, uniq_grum, uniq_joseph
Temple:   nicolae_temple_elliptical

Skill      XL: |  1  2  3  4  5  6  7 |
---------------+----------------------+-----
Dodging        | 3 4 5 6 |  6.6
Stealth        | 7 8 |  8.5
Unarmed Combat | 3 6 5 |  6.3
Fighting       | 4 5 |  5.4

Action                     |  1- 3 |  4- 6 |  7- 9 || total
---------------------------+-------+-------+-------++-------
  Melee: Unarmed           |     4 |    88 |   179 ||   271
         Bite              |       |     5 |    23 ||    28
         Punch             |       |     3 |     2 ||     5
  Evoke: Wand              |       |     5 |    20 ||    25
    Use: Scroll            |       |     7 |     4 ||    11
         Potion            |       |     1 |     3 ||     4
   Stab: Sleeping          |     2 |     8 |    17 ||    27
         Distracted        |       |     1 |     3 ||     4
 Armour: Skin              |       |     6 |    12 ||    18
  Dodge: Dodged            |     1 |    95 |   147 ||   243

Table legend: (Time is in decaauts)
 A = Elapsed time spent in this place.
 B = Non-inter-level travel time spent in this place.
 C = Inter-level travel time spent in this place.
 D = Time resting spent in this place.
 E = Time spent auto-exploring this place.
 F = Levels seen in this place.
 G = Mean time per level.
                   A        B        C        D        E       F      G
               +--------+--------+--------+--------+--------+-----+--------+
         Total |   4631 |   4180 |    451 |    664 |   2133 |   9 |  514.6 |
       Dungeon |   4490 |   4102 |    388 |    664 |   2075 |   8 |  561.2 |
        Temple |    141 |     79 |     62 |      0 |     58 |   1 |  141.0 |
               +--------+--------+--------+--------+--------+-----+--------+

Top non-repeatable levels by time:
     D:3: 840 daAuts
     D:4: 754 daAuts
     D:1: 710 daAuts
     D:5: 698 daAuts
     D:2: 610 daAuts
     D:6: 498 daAuts
     D:7: 373 daAuts
  Temple: 141 daAuts
     D:8: 4 daAuts
